 Dungeon Crawl Stone Soup version 0.25-a0-496-g8c4878dea3 (console) character file.

Game seed: 8902807252975301652, levelgen mode: deterministic

2586 Kagalorn the Carver (level 9, -2/55 HPs)
             Began as a Halfling Fighter on Feb 12, 2020.
             Was an Initiate of Gozag.
             Killed from afar by Erica (17 damage)
             ... with a bolt of poison
             ... on level 7 of the Dungeon.
             The game lasted 00:22:55 (6946 turns).

Kagalorn the Carver (Halfling Fighter)              Turns: 6946, Time: 00:22:56

Health: -2/55      AC: 20    Str: 24    XL:     9   Next: 88%
Magic:  9/9        EV:  6    Int:  6    God:    Gozag
Gold:   1011       SH: 10    Dex: 14    Spells: 8/8 levels left

rFire    . . .     SeeInvis .   a - +2 dagger (venom)
rCold    . . .     Gourm    .   c - +0 kite shield
rNeg     . . .     Faith    .   D - +0 plate armour
rPois    .         Spirit   .   l - +0 helmet
rElec    .         Reflect  .   C - +2 cloak {+Inv}
rCorr    .         Harm     .   s - +2 pair of gloves
MR       .....                  v - +0 pair of boots
Stlth    ..........             (no amulet)
HPRegen  0.18/turn              G - +2 ring of slaying
MPRegen  0.11/turn              q - +4 ring of strength

@: lethally poisoned (-2 -> -11)
A: small, mutation resistance 1
a: Potion Petition, Call Merchant, Bribe Branch, Renounce Religion, Evoke
Invisibility


You were on level 7 of the Dungeon.
You worshipped Gozag.
Gozag was most pleased with you.
You were hungry.

You visited 2 branches of the dungeon, and saw 9 of its levels.

You collected 1062 gold pieces.
You paid 51 gold pieces to Gozag.

Inventory:

Hand Weapons
 a - a +2 dagger of venom (weapon)
 b - a +1 vorpal hunting sling
 w - a +0 long sword
Missiles
 e - 12 poisoned darts (quivered)
 h - 83 bolts
 m - 138 stones
 y - 78 sling bullets
Armour
 c - a +0 kite shield (worn)
 l - a +0 helmet (worn)
 s - a +2 pair of gloves (worn)
 v - a +0 pair of boots (worn)
 C - a +2 cloak of invisibility (worn)
 D - a +0 plate armour (worn)
Magical Staves
 J - an uncursed staff of power {unknown}
Jewellery
 o - an uncursed ring of fire
 q - a +4 ring of strength (right hand)
 u - an uncursed ring of wizardry
 G - a +2 ring of slaying (left hand)
Wands
 x - a wand of paralysis (6)
 F - a wand of flame (10)
Scrolls
 j - a scroll of fog {unknown}
 k - a scroll of amnesia {unknown}
 n - 6 scrolls of teleportation
 r - a scroll of immolation {unknown}
 t - 2 scrolls of blinking {unknown}
 B - a scroll of noise {unknown}
 I - a scroll of summoning {unknown}
Potions
 d - a potion of might
 g - a potion of heal wounds
 i - 5 potions of curing
 p - 3 potions of brilliance
 z - a potion of invisibility
 A - a potion of mutation
 E - a potion of experience {unknown}
 H - a potion of flight {unknown}
Comestibles
 f - 8 rations


   Skills:
 - Level 2.6 Fighting
 + Level 12.5 Long Blades
 - Level 3.2 Armour
 - Level 3.2 Shields


You had 8 spell levels left.
You didn't know any spells.
Your spell library contained the following spells:

 Spells                   Type           Power        Failure   Level  Hunger
 Sandblast                Erth           #.....       100%        1    ##.....
 Shock                    Conj/Air       #...         100%        1    ##.....
 Summon Small Mammal      Summ           #...         100%        1    ##.....
 Call Imp                 Summ           #.......     100%        2    ###....
 Passwall                 Tmut/Erth      #.......     100%        2    ###....
 Swiftness                Chrm/Air       #.......     100%        2    ###....
 Call Canine Familiar     Summ           #.......     100%        3    ####...
 Static Discharge         Conj/Air       #.......     100%        3    ####...
 Stone Arrow              Conj/Erth      #.....       100%        3    ####...
 Summon Guardian Golem    Hex/Summ       #.......     100%        3    ####...
 Airstrike                Air            #.........   100%        4    #####..
 Petrify                  Tmut/Erth      #.......     100%        4    #####..
 Summon Ice Beast         Ice/Summ       #.......     100%        4    #####..
 Summon Lightning Spire   Summ/Air       #.......     100%        4    #####..
 Lee's Rapid Deconstruct  Erth           #.........   100%        5    ######.
 Lightning Bolt           Conj/Air       #.........   100%        5    ######.


Dungeon Overview and Level Annotations

Branches:
Dungeon (8/15)             Temple (1/1) D:4
   Lair: D:8-11

Altars:
Ashenzari
Cheibriados
Elyvilon
Gozag
Hepliaklqana
Kikubaaqudgha
Nemelex Xobeh
Okawaru
Qazlal
Ru
Sif Muna
Trog
Uskayaw
Wu Jian
Xom
Yredelemnul
The Shining One
Lugonu

Annotations:
D:3 exclusion: orc wizard
D:6 exclusions: 4 centaurs and 5 more exclusions
D:7 Erica


Innate Abilities, Weirdness & Mutations

You are small and have problems with some larger weapons.
You are somewhat resistant to further mutation.


Message History

The bolt of poison hits you.
You are more poisoned.
You feel sick.
You hear some strange, mumbled words.
A bolt of poison appears from out of thin air!
The bolt of poison hits you!
You are lethally poisoned!
* * * LOW HITPOINT WARNING * * *
* * * LOW HITPOINT WARNING * * *
You feel sick.
* * * LOW HITPOINT WARNING * * *
You feel very sick.
You feel better.
Okay, then.
You are feeling hungry.
Erica gestures at you while chanting. The bolt of poison hits you!
You are poisoned.
You die...
Your body crumbles into a pile of gold.

.#......................#.#....##
.#......................#.##...#
.#......................#....###
.#................#####.####.#
##.....##...##....##.@.......#
##.....##...##...........###.#
........#....................#
........#................#####
......).#.......@........#
........#....<...........#
........#................#
........#.........##....##
........#.........#######
##.....#######.....#
##.....'...###.....#
......)#.#.#.......#
.......#####......##


You could see Erica.

Vanquished Creatures
  Joseph (D:7)
  A spriggan (D:7)
  Menkaure (D:7)
  Duvessa (D:5)
  A black bear (D:6)
  An orc warrior (D:7)
  A phantom (D:4)
  3 sky beasts
  4 ogres
  2 bullfrogs
  Dowan (D:5)
  A scorpion (D:5)
  A howler monkey (D:4)
  A bullfrog zombie (D:5)
  A crimson imp (D:7)
  A centaur skeleton (D:5)
  Crazy Yiuf (D:4)
  2 hounds
  2 orc priests
  A bullfrog skeleton (D:5)
  Jessica (D:3)
  2 orc wizards
  Natasha (thrice) (D:2)
  2 worker ants (D:4)
  A hound zombie (D:8)
  5 gnolls
  10 adders
  3 shadow imps
  2 adder zombies
  An adder skeleton (D:7)
  3 worms (D:2)
  5 dart slugs
  2 leopard geckos
  11 orcs
  2 ball pythons
  5 giant cockroaches
  4 goblins
  9 hobgoblins
  6 quokkas
  7 bats
  A frilled lizard (D:3)
  A jackal zombie (D:8)
  5 kobolds
  A quokka skeleton (D:4)
  6 rats
126 creatures vanquished.

Notes
Turn   | Place    | Note
-------+----------+-------------------------------------------
     0 | D:1      | Kagalorn the Halfling Fighter began the quest for the Orb.
     0 | D:1      | Reached XP level 1. HP: 15/15 MP: 1/1
   280 | D:1      | Reached XP level 2. HP: 20/20 MP: 2/2
   356 | D:1      | Reached skill level 3 in Long Blades
   396 | D:1      | Reached XP level 3. HP: 20/25 MP: 3/3
   858 | D:2      | Noticed Natasha
   867 | D:2      | Killed Natasha
   867 | D:2      | Reached skill level 4 in Long Blades
   867 | D:2      | Reached XP level 4. HP: 20/30 MP: 4/4
  1003 | D:2      | Noticed Natasha
  1016 | D:2      | Killed Natasha
  1122 | D:2      | Found an opulent altar of Gozag.
  1131 | D:2      | Became a worshipper of Gozag Ym Sagoz the Greedy
  1152 | D:2      | Noticed Natasha
  1159 | D:2      | Killed Natasha
  1159 | D:2      | Reached skill level 5 in Long Blades
  1159 | D:2      | Reached XP level 5. HP: 15/35 MP: 5/5
  2055 | D:3      | Noticed Jessica
  2067 | D:3      | Killed Jessica
  2109 | D:3      | Noticed an orc warrior
  2251 | D:2      | Reached XP level 6. HP: 34/41 MP: 6/6
  2315 | D:3      | Reached skill level 6 in Long Blades
  2354 | D:3      | You fall into a shaft and drop 1 floor!
  2604 | D:4      | Found a staircase to the Ecumenical Temple.
  2615 | Temple   | Entered the Ecumenical Temple
  2946 | D:4      | Found a runed translucent door.
  2947 | D:4      | Noticed Crazy Yiuf
  3427 | D:5      | Entered Level 5 of the Dungeon
  3433 | D:5      | Noticed a phantom
  3565 | D:5      | Reached skill level 7 in Long Blades
  3565 | D:5      | Reached XP level 7. HP: 45/45 MP: 7/7
  3658 | D:5      | Found a sacrificial altar of Ru.
  3784 | D:5      | Noticed Dowan
  3791 | D:5      | Noticed Duvessa
  3792 | D:5      | Reached skill level 8 in Long Blades
  3983 | D:4      | Reached XP level 8. HP: 21/51 MP: 8/8
  4122 | D:4      | Killed Crazy Yiuf
  4224 | D:5      | Killed Duvessa
  4224 | D:5      | Reached skill level 9 in Long Blades
  4229 | D:5      | Killed Dowan
  4999 | D:6      | Reached skill level 10 in Long Blades
  5214 | D:6      | Noticed a -1 dagger
  5214 | D:6      | Noticed a +0 hand axe
  5215 | D:6      | Found a hide-covered altar of Uskayaw.
  5232 | D:6      | Reached XP level 9. HP: 55/55 MP: 9/9
  5353 | D:6      | Found an iron altar of Okawaru.
  5367 | D:6      | Reached skill level 11 in Long Blades
  5675 | D:7      | Noticed Joseph
  5684 | D:7      | Killed Joseph
  5797 | D:7      | Found a stormy altar of Qazlal.
  6091 | D:7      | Noticed Menkaure
  6105 | D:7      | Killed Menkaure
  6105 | D:7      | Reached skill level 12 in Long Blades
  6309 | D:7      | Found a snail-covered altar of Cheibriados.
  6405 | D:7      | Found a white marble altar of Elyvilon.
  6580 | D:8      | Found a shimmering blue altar of Sif Muna.
  6678 | D:8      | Noticed Erica
  6929 | D:7      | HP: 2/55 [poisoned by Erica (bolt of poison)]
  6946 | D:7      | Killed from afar by Erica

Levels and vault maps discovered:
D:1:      mrwooster_arrival_statue, layout_basic, serial_glass, glass_columns_c,
          glass_columns_b, feat_on_display, due_unseen_surprise,
          item_on_display_b, minmay_strange_pillars, hangedman_decor_opposing
D:2:      layout_rooms, old_standard_altar, first_ration, kennysheep_path_1,
          nrook_uturn, uniq_natasha
D:3:      layout_loops_corners, st_stairs_6, uniq_jessica
D:4:      layout_loops_corners, minmay_temple_entry_poolview,
          uniq_crazy_yiuf_cottage
D:5:      layout_rooms, nicolae_ru_the_path_less_chosen,
          hangedman_abyss_or_decor_lesser_grid, uniq_duvessa
D:6:      layout_cave_pools, dancing_weapons_uskayaw, old_standard_altar,
          minmay_large_rounded_square, centaur_isle
D:7:      layout_gridville, nicolae_overflow_crystal_walls,
          lemuel_coloured_pillars_altar, old_standard_altar, the_bakery,
          uniq_joseph, uniq_menkaure
D:8:      lemuel_slime, layout_rooms, lemuel_blue_sif_altar,
          fedhas_bush_and_centaur_altar, chequers_temple_overflow_minitemple,
          uniq_erica
Temple:   corrupted_temple

Skill      XL: |  1  2  3  4  5  6  7  8  9 |
---------------+----------------------------+-----
Long Blades    | 3 4 5 7 8 10 12 | 12.5
Fighting       | |  2.6
Armour         | |  3.2
Shields        | |  3.2

Action                   |  1- 3 |  4- 6 |  7- 9 || total
-------------------------+-------+-------+-------++-------
Melee: Long sword        |    56 |    63 |    37 ||   156
       Dagger            |       |   130 |   259 ||   389
 Fire: Hunting sling     |       |       |    31 ||    31
Throw: Dart              |       |       |    14 ||    14
Evoke: Wand              |       |       |     5 ||     5
  Use: Potion            |       |     1 |     1 ||     2
       Scroll            |       |       |     6 ||     6
 Stab: Paralysed         |       |       |     3 ||     3
  Eat: Chunk             |       |     2 |       ||     2
       Ration            |       |     2 |     3 ||     5
Armor: Scale mail        |    16 |    43 |    60 ||   119
       Plate armour      |       |       |    52 ||    52
Dodge: Dodged            |    20 |    51 |    68 ||   139
Block: Kite shield       |    30 |    78 |    88 ||   196
       Rpst.: Long sword |     9 |     7 |     2 ||    18

Table legend:
 A = Non-vault XP
 B = Vault XP
 C = Vault XP percentage of total XP
 D = Non-vault monster count
 E = Vault monster count
 F = Vault count percentage of total count
                 A         B        C        D         E       F
            +---------+---------+-------+---------+---------+-------
      Total |    2523 |    1172 |  31.7 |     118 |       8 |   6.3
            +---------+---------+-------+---------+---------+-------
        D:1 |      41 |       0 |   0.0 |      17 |       0 |   0.0
        D:2 |     174 |      36 |  17.1 |      28 |       1 |   3.4
        D:3 |      23 |      37 |  61.7 |       9 |       1 |  10.0
        D:4 |     299 |      40 |  11.8 |      12 |       1 |   7.7
        D:5 |     662 |     226 |  25.5 |      21 |       2 |   8.7
        D:6 |     753 |       0 |   0.0 |      12 |       0 |   0.0
        D:7 |     483 |     833 |  63.3 |      11 |       3 |  21.4
        D:8 |      88 |       0 |   0.0 |       8 |       0 |   0.0
            +---------+---------+-------+---------+---------+-------
